 Dungeon Crawl Stone Soup version 0.26-a0-812-g31a745ddcd (webtiles) character file.

Game seed: 3407476603684802519

29741 HoaS the Bludgeoner (level 13, -21/86 HPs)
             Began as a Formicid Fighter on Dec 3, 2020.
             Was an Elder of Makhleb.
             Killed from afar by a blizzard demon (38 damage)
             ... with a bolt of lightning
             ... summoned by the player character
             ... on level 6 of the Lair of Beasts.
             The game lasted 00:40:38 (14999 turns).

HoaS the Bludgeoner (Formicid Fighter)             Turns: 14999, Time: 00:40:38

Health: -21/86     AC: 15    Str: 25    XL:     13   Next: 83%
Magic:  13/13      EV: 10    Int: 12    God:    Makhleb [****..]
Gold:   815        SH: 13    Dex: 15    Spells: 12/12 levels left

rFire    . . .     SeeInvis +   x - +9 whip "Ahep" {vorpal, *Noise rC+ Int+3 Dex+5}
rCold    + + .     Faith    .   c - +1 kite shield
rNeg     . . .     Spirit   .   t - +1 swamp dragon scales
rPois    +         Reflect  .   (helmet unavailable)
rElec    .         Harm     .   e - +2 cloak
rCorr    .         Rampage  .   (no gloves)
MR       ++...                  l - +2 pair of boots
Stlth    +.........             (no amulet)
HPRegen  0.24/turn              D - ring of protection from cold
MPRegen  0.13/turn              n - ring of protection from magic

@: no status effects
A: permanent stasis, dig shafts and tunnels, four strong arms, antennae 3
a: Dig, Shaft Self, Minor Destruction, Lesser Servant of Makhleb, Major
Destruction, Renounce Religion


You were on level 6 of the Lair of Beasts.
You worshipped Makhleb.
Makhleb was greatly pleased with you.
You visited 3 branches of the dungeon, and saw 17 of its levels.
You also visited: Ossuary and Ice Cave.

You collected 897 gold pieces.
You spent 82 gold pieces at shops.

Inventory:

Hand Weapons
 r - a +0 morningstar of protection
 x - the +9 whip "Ahep" (weapon) {vorpal, *Noise rC+ Int+3 Dex+5}
   (You found it on level 1 of the Lair of Beasts)

   It inflicts extra damage upon your enemies.
   It affects your intelligence (+3).
   It affects your dexterity (+5).
   It protects you from cold.
   It may make noises in combat.
 J - a +2 morningstar of protection
Armour
 c - a +1 kite shield (worn)
 e - a +2 cloak (worn)
 l - a +2 pair of boots (worn)
 t - +1 swamp dragon scales (worn)
Jewellery
 f - an uncursed ring of resist corrosion
 n - a ring of protection from magic (right hand)
 D - a ring of protection from cold (left hand)
 E - an uncursed ring of fire
 H - an uncursed ring of protection from fire
Wands
 a - a wand of paralysis (31)
 b - a wand of enslavement (5)
 p - a wand of random effects (28)
 s - a wand of flame (26)
 z - a wand of iceblast (4)
 A - a wand of polymorph (13)
 F - a wand of disintegration (7)
Scrolls
 d - 2 scrolls of magic mapping
 j - 6 scrolls of enchant weapon
 k - 5 scrolls of remove curse
 y - a scroll of fear
 C - a scroll of fog
 I - 3 scrolls of identify
 K - 3 scrolls of enchant armour
Potions
 g - 8 potions of lignification
 h - a potion of cancellation
 i - 4 potions of resistance
 m - a potion of attraction
 o - 6 potions of curing
 q - 2 potions of mutation
 u - 6 potions of flight
 v - 5 potions of ambrosia
 B - 5 potions of invisibility
 G - a potion of might


   Skills:
 - Level 3.2 Fighting
 * Level 19.7 Maces & Flails
 - Level 3.2 Armour
 - Level 9.0 Shields


You had 12 spell levels left.
You didn't know any spells.
Your spell library contained the following spells:

 Spells                   Type           Power        Failure   Level
 Sandblast                Erth           #.....       45%         1
 Passwall                 Tmut/Erth      #.......     58%         2
 Gell's Gravitas          Tloc           #.........   83%         3
 Lesser Beckoning         Tloc           #.........   83%         3
 Stone Arrow              Conj/Erth      #.....       83%         3
 Teleport Other           Tloc           #.......     83%         3
 Cause Fear               Hex            #.........   99%         4
 Passage of Golubria      Tloc           N/A          99%         4
 Petrify                  Tmut/Erth      #.......     99%         4
 Lee's Rapid Deconstruct  Erth           #.........   100%        5
 Silence                  Hex/Air        #.........   100%        5
 Yara's Violent Unravell  Hex/Tmut       #.........   100%        5
 Discord                  Hex            #.........   100%        8
 Blink                    Tloc           Unusable     N/A         2

Dungeon Overview and Level Annotations

Branches:
Dungeon (10/15)            Temple (1/1) D:6            Lair (5/6) D:8
  Swamp (0/4) Lair:2       Spider (0/4) Lair:4        Slime (0/5) Lair:5
Ossuary (visited)           IceCv (visited)
    Orc: D:9-12

Altars:
Ashenzari
Cheibriados
Dithmenos
Elyvilon
Fedhas
Gozag
Hepliaklqana
Kikubaaqudgha
Makhleb
Nemelex Xobeh
Okawaru
Qazlal
Ru
Sif Muna
Trog
Uskayaw
Vehumet
Wu Jian
Xom
Yredelemnul
Zin
The Shining One
Jiyva

Shops:
D:4 *   D:5 ?

Portals:
Trove: D:10 (give +6 demon whip)


Innate Abilities, Weirdness & Mutations

You cannot be hasted, slowed, berserked, paralysed or teleported.
You can dig through walls and to a lower floor.
Your four strong arms can wield two-handed weapons with a shield.
You have a pair of large antennae on your head. (SInv)


Message History

You whack the blink frog!
The blink frog is moderately wounded.
You block the blink frog's attack.
You miss the blink frog.
The blink frog is moderately wounded.
You block the blink frog's attack.
You thrash the blink frog!!
The blink frog is almost dead.
You closely miss the blink frog.
The blink frog is almost dead.
You block the blink frog's attack.
You whack the blink frog!
You kill the blink frog!
Makhleb accepts your kill.
You feel better.
You closely miss the blizzard demon. You barely miss the blizzard demon.
The blizzard demon gestures at you. The bolt of lightning hits you!!!
You die...

.. ..#≈ ....
### ..... ##2##
#...# ##{#@#
#...##.####
#.......##
##.......####
#..........#
#...!....#....#
##.....F.##....
#........#.#..
#......#.# ##.


You could see a blizzard demon (summoned).

Vanquished Creatures
  2 hydras
  A boulder beetle (Lair:2)
  A two-headed ogre (D:8)
  Erica (D:7)
  3 death yaks (Lair:4)
  Sonja (Lair:2)
  Nergalle (Lair:2)
  A bog body (Lair:2)
  A necromancer (IceCv)
  Joseph (D:8)
  A black mamba (Lair:5)
  3 ice statues (IceCv)
  7 cane toads
  Maggie (D:6)
  3 komodo dragons
  7 ice devils (IceCv)
  A polar bear (Lair:2)
  A troll (D:8)
  Grinder (D:6)
  A hornet (D:9)
  13 blink frogs
  Sigmund (D:2)
  3 wyverns
  27 yaks
  Eustachio (D:4)
  3 basilisks
  2 steam dragons (D:6)
  6 water moccasins
  2 sky beasts
  10 ice beasts
  2 phantoms
  4 ogres
  An orc warrior (D:10)
  A black bear (D:7)
  9 wolves
  4 centaurs
  2 big kobolds
  Blork the orc (D:6)
  10 bullfrogs
  2 water moccasin zombies (Ossuary)
  3 scorpions
  4 killer bees (D:7)
  8 wights
  2 howler monkeys
  4 electric eels
  A bullfrog zombie (D:8)
  2 draconian simulacra (IceCv)
  2 jellies
  9 orc priests
  9 hounds
  12 orc wizards
  6 bullfrog skeletons
  4 centaur skeletons
  A gnoll shaman (D:7)
  5 iguanas
  A spriggan simulacrum (IceCv)
  9 worker ants
  2 troll simulacra (IceCv)
  A killer bee zombie (D:5)
  7 big kobold zombies (Ossuary)
  A hound zombie (D:6)
  2 hound skeletons
  2 mummies (Ossuary)
  5 gnolls
  A howler monkey skeleton (D:4)
  12 adders
  5 naga simulacra (IceCv)
  4 shadow imps
  A white imp (D:7)
  3 ufetubi
  6 oozes
  9 adder zombies (Ossuary)
  4 dart slugs
  4 leopard geckos
  46 orcs
  9 bats
  6 giant cockroaches
  A gnoll zombie (Ossuary)
  11 goblins
  6 hobgoblins
  12 jackals
  3 quokkas
  2 ball pythons
  4 hobgoblin zombies (Ossuary)
  A jackal zombie (D:9)
  19 kobolds
  6 kobold zombies (Ossuary)
  A leopard gecko skeleton (D:4)
  5 orc zombies (Ossuary)
  7 rats
  A spectral orc (D:4)
434 creatures vanquished.

Vanquished Creatures (others)
  27 fungi
  20 plants
47 creatures vanquished.

Grand Total: 481 creatures vanquished

Notes
Turn   | Place    | Note
-------+----------+-------------------------------------------
     0 | D:1      | HoaS the Formicid Fighter began the quest for the Orb.
     0 | D:1      | Reached XP level 1. HP: 18/18 MP: 1/1
    60 | D:1      | Reached XP level 2. HP: 5/24 MP: 2/2
   323 | D:1      | Reached XP level 3. HP: 29/29 MP: 3/3
   359 | D:1      | Reached skill level 3 in Maces & Flails
   843 | D:2      | Reached XP level 4. HP: 35/35 MP: 4/4
  1088 | D:2      | Noticed Sigmund
  1097 | D:2      | Killed Sigmund
  1097 | D:2      | Reached skill level 5 in Maces & Flails
  1097 | D:2      | Reached skill level 5 in Shields
  1097 | D:2      | Reached XP level 5. HP: 41/41 MP: 5/5
  1097 | D:2      | Reached XP level 6. HP: 47/47 MP: 6/6
  2278 | D:3      | Reached XP level 7. HP: 38/52 MP: 7/7
  2525 | D:3      | Reached skill level 6 in Maces & Flails
  2581 | D:3      | Found a sacrificial altar of Ru.
  2581 | D:3      | Found a faded altar of an unknown god.
  2586 | D:3      | Found a radiant altar of Vehumet.
  2591 | D:3      | Found a hide-covered altar of Uskayaw.
  2592 | D:3      | Found a faded altar of an unknown god.
  2858 | D:4      | Found Seledob's General Store.
  2866 | D:4      | Bought a scroll of enchant armour for 82 gold pieces
  3237 | D:4      | Reached skill level 7 in Maces & Flails
  3239 | D:4      | Reached XP level 8. HP: 56/58 MP: 8/8
  3911 | D:4      | Found a basalt altar of Yredelemnul.
  4020 | D:5      | Entered Level 5 of the Dungeon
  4273 | D:5      | Noticed Eustachio
  4300 | D:4      | Reached skill level 8 in Maces & Flails
  4501 | D:4      | Killed Eustachio
  4523 | D:5      | Reached XP level 9. HP: 57/64 MP: 9/9
  4526 | D:5      | Reached skill level 9 in Maces & Flails
  4617 | D:5      | Found a sand-covered staircase.
  4625 | Ossuary  | Entered an ossuary
  5356 | D:5      | Found Bonwumyi's Magic Scroll Emporium.
  5542 | D:6      | Reached skill level 10 in Maces & Flails
  5630 | D:6      | Noticed Maggie
  5648 | D:6      | Killed Maggie
  5968 | D:6      | Noticed Grinder
  5987 | D:6      | Killed Grinder
  5987 | D:6      | Reached skill level 11 in Maces & Flails
  6023 | D:6      | Reached XP level 10. HP: 66/70 MP: 10/10
  6689 | D:6      | Noticed Blork the orc
  6692 | D:6      | Killed Blork the orc
  6697 | D:6      | Found a staircase to the Ecumenical Temple.
  6780 | Temple   | Entered the Ecumenical Temple
  6867 | Temple   | Became a worshipper of Makhleb the Destroyer
  7079 | D:7      | Reached skill level 12 in Maces & Flails
  7941 | D:8      | Noticed Joseph
  7969 | D:8      | Killed Joseph
  7969 | D:8      | Reached * piety under Makhleb
  7969 | D:8      | Reached skill level 13 in Maces & Flails
  8148 | D:8      | Noticed Erica
  8194 | D:7      | Killed Erica
  8194 | D:7      | Reached XP level 11. HP: 26/75 MP: 11/11
  8496 | D:8      | Reached skill level 14 in Maces & Flails
  9046 | D:8      | Found a staircase to the Lair.
  9059 | D:8      | HP: 3/75 [electric eel/bolt of electricity (10)]
  9060 | Lair:1   | Entered Level 1 of the Lair of Beasts
  9521 | D:8      | Found an opulent altar of Gozag.
  9532 | D:8      | Noticed a two-headed ogre
  9542 | D:8      | Killed a two-headed ogre
  9655 | D:9      | Got a polished scale mail
  9656 | D:9      | Identified the +4 scale mail "Sujyup" {rPois rC- Str+5
                  | Dex+4} (You found it on level 9 of the Dungeon)
  9747 | D:9      | Reached ** piety under Makhleb
  9808 | D:9      | Reached skill level 15 in Maces & Flails
  9904 | D:9      | Found a radiant altar of Vehumet.
 10597 | D:10     | Entered Level 10 of the Dungeon
 10873 | D:10     | Reached skill level 16 in Maces & Flails
 10873 | D:10     | Reached XP level 12. HP: 81/81 MP: 12/12
 10881 | D:10     | Reached *** piety under Makhleb
 11052 | D:10     | Found a portal to a secret trove of treasure.
 11159 | Lair:1   | Noticed a seven-headed hydra
 11169 | Lair:1   | Killed a seven-headed hydra
 12339 | Lair:2   | Noticed a boulder beetle
 12372 | Lair:2   | Killed a boulder beetle
 12372 | Lair:2   | Reached skill level 17 in Maces & Flails
 12550 | Lair:2   | Found a staircase to the Swamp.
 12614 | Lair:2   | Noticed Sonja
 12618 | Lair:2   | Killed Sonja
 12819 | Lair:2   | Noticed Nergalle
 12838 | Lair:2   | Killed Nergalle
 13159 | Lair:1   | Got an ichor-stained whip
 13160 | Lair:1   | Identified the +9 whip "Ahep" {vorpal, *Noise rC+ Int+3
                  | Dex+5} (You found it on level 1 of the Lair of Beasts)
 13216 | Lair:3   | Found a hide-covered altar of Uskayaw.
 13400 | Lair:3   | Reached skill level 18 in Maces & Flails
 13513 | Lair:3   | You fall into a shaft and drop 2 floors!
 13532 | Lair:5   | Reached XP level 13. HP: 77/86 MP: 13/13
 13647 | Lair:5   | Found a viscous altar of Jiyva.
 13647 | Lair:5   | Found a staircase to the Slime Pits.
 13984 | Lair:4   | Reached **** piety under Makhleb
 14209 | Lair:3   | Noticed a seven-headed hydra
 14228 | Lair:3   | Killed a seven-headed hydra
 14255 | Lair:3   | You fall into a shaft and drop 1 floor!
 14303 | Lair:4   | Reached skill level 19 in Maces & Flails
 14355 | Lair:4   | Found a frozen archway.
 14431 | IceCv    | Entered an ice cave
 14669 | IceCv    | Reached ***** piety under Makhleb
 14777 | IceCv    | Found the +8 autumn katana {vorpal, Clar}
 14955 | Lair:4   | Noticed a catoblepas
 14980 | Lair:4   | HP: 2/86 [catoblepas (11)]
 14983 | Lair:4   | You fall into a shaft and drop 2 floors!
 14983 | Lair:6   | Entered Level 6 of the Lair of Beasts
 14989 | Lair:6   | Noticed a blizzard demon
 14999 | Lair:6   | Killed from afar by a blizzard demon

Illustrated notes

Levels and vault maps discovered:
D:1:      evilmike_arrival_hilbert_curve, layout_rooms, serial_glass,
          glass_columns_a, glass_columns_a, minmay_split_cup_small
D:2:      layout_basic, eino_tiny_chamber, minmay_indecisive_spiral,
          uniq_sigmund
D:3:      layout_basic, chequers_temple_overflow_minitemple, minmay_starry_boxes
D:4:      layout_loops_corners, yredelemnul_forgotten_temple_becter,
          serial_shops, shop, grunt_decor_arrowhead
D:5:      minmay_opposing_rooms, layout_cave_pools,
          lightli_ossuary_entry_decrepit_ruins, serial_shops, kennysheep_mini,
          uniq_eustachio
D:6:      kennysheep_steamy, layout_basic, minmay_temple_entry_nine_rooms,
          uniq_grinder, uniq_blork_the_orc, uniq_maggie
D:7:      layout_basic
D:8:      layout_basic, kennysheep_little_box, erik_lair_island,
          serial_park_tiny_pond, uniq_joseph, uniq_erica
D:9:      layout_basic, basic_altar
D:10:     layout_rooms, nicolae_trove_entry_diagonal, minmay_misc_feat_plants
Temple:   minmay_crystal_spiral_temple
Lair:1:   layout_regular_city
Lair:2:   layout_chaotic_city, skrybe_swamp_entry_bodies, uniq_sonja,
          uniq_nergalle
Lair:3:   layout_roguey, basic_altar, serial_bayou_shore_a,
          infiniplex_staircase_pool, grunt_megastairs_1
Lair:4:   layout_layer_cave, spider_nest_entry_funnel_web,
          portal_ice_cave_entry_ice_beasts
Lair:5:   layout_small_grid, slime_altar_1, lemuel_fruit_fields
Lair:6:   gammafunk_lair_ancient_temple, layout_cave_pods, basic_altar,
          lemuel_fruit_tree, minmay_lair_oklob_chamber

Skill      XL: |  1  2  3  4  5  6  7  8  9 10 11 12 13 |
---------------+----------------------------------------+-----
Shields        | 4 5 6 8 9 |  9.0
Maces & Flails | 3 5 7 8 11 13 16 18 19 | 19.7
Fighting       | |  3.2
Armour         | |  3.2

Action                   |  1- 3 |  4- 6 |  7- 9 | 10-12 | 13-15 || total
-------------------------+-------+-------+-------+-------+-------++-------
Melee: Flail             |    96 |   171 |   237 |       |       ||   504
       Morningstar       |       |       |   282 |   823 |       ||  1105
       Whip              |       |       |       |    79 |   445 ||   524
Invok: Greater Servant o |       |       |       |       |     1 ||     1
 Abil: Dig               |       |       |     2 |    10 |     9 ||    21
       Shaft Self        |       |       |       |       |     1 ||     1
Evoke: Wand              |       |       |       |     7 |       ||     7
  Use: Scroll            |     2 |     8 |    13 |    16 |     1 ||    40
       Potion            |       |     1 |     2 |     3 |     4 ||    10
Armor: Scale mail        |    38 |       |       |       |       ||    38
       Chain mail        |     5 |   101 |   178 |       |       ||   284
       Plate armour      |       |       |    27 |       |       ||    27
       Swamp dragon scal |       |       |     3 |   236 |    81 ||   320
Dodge: Dodged            |    33 |    49 |   109 |   201 |    53 ||   445
Block: Kite shield       |    57 |    82 |   282 |   409 |   123 ||   953

Table legend: (Time is in decaauts)
 A = Elapsed time spent in this place.
 B = Non-inter-level travel time spent in this place.
 C = Inter-level travel time spent in this place.
 D = Time resting spent in this place.
 E = Time spent auto-exploring this place.
 F = Levels seen in this place.
 G = Mean time per level.
                   A        B        C        D        E       F      G
               +--------+--------+--------+--------+--------+-----+--------+
         Total |  14646 |  14142 |    504 |   3410 |   7249 |  19 |  770.8 |
       Dungeon |  10515 |  10194 |    321 |   2458 |   5316 |  10 | 1051.5 |
        Temple |    174 |     88 |     86 |      0 |     83 |   1 |  174.0 |
          Lair |   3268 |   3172 |     96 |    827 |   1667 |   6 |  544.7 |
       Ossuary |    296 |    296 |      0 |     47 |     65 |   1 |  296.0 |
      Ice Cave |    391 |    391 |      0 |     78 |    118 |   1 |  391.0 |
               +--------+--------+--------+--------+--------+-----+--------+

Top non-repeatable levels by time:
     D:4: 1802 daAuts
     D:6: 1357 daAuts
  Lair:1: 1263 daAuts
     D:7: 1227 daAuts
     D:8: 1219 daAuts
     D:3: 981 daAuts
     D:2: 930 daAuts
     D:9: 928 daAuts
  Lair:2: 870 daAuts
     D:1: 832 daAuts
     D:5: 789 daAuts
  Lair:3: 490 daAuts
    D:10: 446 daAuts
   IceCv: 391 daAuts
  Lair:5: 388 daAuts
